 Dungeon Crawl Stone Soup version 0.31-a0-1059-g83d41fd8b6 (webtiles) character file.

Game seed: 9251524122677036186

382 Avanven the Ruffian (level 6, 0/59 HPs)
             Began as a Troll Shapeshifter on Nov 21, 2023.
             Slain by a mummy (12 damage)
             ... in an ossuary.
             The game lasted 00:02:50 (2028 turns).

Avanven the Ruffian (Troll Shapeshifter)            Turns: 2028, Time: 00:02:50

Health: 0/59       AC:  4    Str: 25    XL:     6   Next: 47%
Magic:  5/5        EV:  9    Int:  6    God:
Gold:   168        SH:  0    Dex:  9    Spells: 5/5 levels left

rFire   . .          .
                       - Unarmed
rCold   . . .        (no shield)
rNeg    . . .        a - +0 animal skin
rPois   .            (helmet currently unavailable)
rElec   .            (cloak currently unavailable)
rCorr   .            (gloves unavailable)
SInv    .            (boots unavailable)
Will    .....        (no amulet)
Stlth   +            (no ring)
HPRegen 1.09/turn    (no ring)
MPRegen 0.09/turn

%: no passive effects
@: beast-form, marked
A: beast (slay +2), large, unfitting armour, claws 3, regeneration 1, shaggy fur
1, tough skin 1
a: Begin Untransformation


You were in an ossuary.
You were a hulking beast.
You visited 1 branch of the dungeon, and saw 4 of its levels.
You also visited: Ossuary.

You collected 168 gold pieces.

Inventory:

Armour
 a - a +0 animal skin (worn)
Jewellery
 i - a ring of magical power
 k - a ring of ice
Talismans
 c - a beast talisman
 d - a flux talisman
 n - a maw talisman
Wands
 l - a wand of light (14)
Scrolls
 g - 4 scrolls of identify {unknown}
 j - a scroll of vulnerability {unknown}
 m - a scroll of blinking {unknown}
Potions
 b - a potion of lignification
 e - 3 potions of curing
 f - a potion of brilliance
 o - 5 potions of degeneration


   Skills:
 + Level 2.7 Fighting
 - Level 1.5 Dodging
 * Level 5.6 Unarmed Combat
 + Level 4.2 Shapeshifting


You had 5 spell levels left.
You didn't know any spells.
Your spell library contained the following spells:

 Spells                   Type           Power      Damage    Failure   Level
 Lesser Beckoning         Tloc           0%         N/A       58%         2
 Gell's Gravitas          Tloc           0%         N/A       83%         3
 Teleport Other           Tloc           0%         N/A       83%         3


Dungeon Overview and Level Annotations

Branches:
Dungeon (4/15)            Ossuary (1/1)
 Temple: D:4-7

Altars:


Innate Abilities, Weirdness & Mutations

You are a hulking beast.
Your limbs bulge with bestial killing power. (Slay +2)
You are too large for most types of armour.
You have claws for hands.
Your natural rate of healing is unusually fast.
You are covered in fur. (AC +1)
You have tough skin. (AC +1)


Message History

The mark upon you grows brighter.
You claw the mummy!
The mummy is heavily damaged.
The mummy hits you!
You mangle the mummy!!
You destroy the mummy!
You scratch the mummy but do no damage. The mummy hits you!
You claw the mummy! You claw the mummy.
The mummy is severely damaged.
You scratch the mummy.
The mummy is almost destroyed.
The mummy hits you!
You are too injured to fight recklessly!
You are too injured to fight recklessly!
You are too injured to fight recklessly!
You are too injured to fight recklessly!
You are too injured to fight recklessly!
You are too injured to fight recklessly!
You are too injured to fight recklessly!
You are too injured to fight recklessly!
You are too injured to fight recklessly!
You are too injured to fight recklessly!
You are too injured to fight recklessly!
You are too injured to fight recklessly!
You are too injured to fight recklessly!
You claw the mummy!
You destroy the mummy!
A mummy comes into view.
The mummy hits you!
You claw the mummy!
The mummy is severely damaged.
The mummy hits you!
* * * LOW HITPOINT WARNING * * *
You scratch the mummy.
You destroy the mummy!
You close the door.
You start resting.
A mummy comes into view.
The mummy hits you!
You die... .?! #### !M!

?.! #.# ??? #.#
#^# ###'### #.###
##.....## ##.'.#
##.......###..###
#.........#...'.#
+....M...Mh...###
#.........#...'.#
##.......###..###
##.....## ##.'.#
###'### #.### #.#
##.## ##.## #...#
#.∩.# #...# #.∩.#
#####


You could see 2 mummies.

Vanquished Creatures
  Duvessa (D:4)
  Dowan (D:4)
  A centaur zombie (Ossuary)
  A human zombie (Ossuary)
  An iguana (D:4)
  4 mummies (Ossuary)
  An adder (D:2)
  2 dart slugs
  17 orcs
  2 endoplasms
  4 giant cockroaches
  5 goblins
  8 hobgoblins
  4 jackals (D:2)
  3 quokkas
  4 ball pythons
  2 bats
  2 frilled lizards (D:1)
  2 goblin zombies (Ossuary)
  7 kobolds
  5 rats
77 creatures vanquished.

Notes
Turn   | Place    | Note
-------+----------+-------------------------------------------
     0 | D:1      | Avanven the Troll Shapeshifter began the quest for the Orb.
     0 | D:1      | Reached XP level 1. HP: 18/18 MP: 0/0
    79 | D:1      | Reached skill level 1 in Fighting
    92 | D:1      | Reached XP level 2. HP: 27/27 MP: 1/1
   635 | D:2      | Reached XP level 3. HP: 33/33 MP: 2/2
   819 | D:2      | Found a faded altar of an unknown god.
  1031 | D:2      | Reached skill level 4 in Unarmed Combat
  1445 | D:3      | Reached XP level 4. HP: 34/41 MP: 3/3
  1732 | D:4      | Noticed Duvessa
  1732 | D:4      | Noticed Dowan
  1745 | D:4      | Killed Duvessa
  1746 | D:4      | Reached XP level 5. HP: 21/49 MP: 4/4
  1761 | D:4      | Killed Dowan
  1762 | D:4      | Reached skill level 5 in Unarmed Combat
  1836 | D:4      | Reached XP level 6. HP: 59/59 MP: 5/5
  1923 | D:4      | Found a sand-covered staircase.
  1928 | Ossuary  | Entered an ossuary
  2028 | Ossuary  | Slain by a mummy

Illustrated notes

Levels and vault maps discovered:
D:1:      elethiomel_arrival_quiet, layout_rooms, roderic_serpentine_path,
          st_stairs_11
D:2:      layout_loops_ring, hellmonk_ecumenical_altar_defaced_shrine,
          minmay_tromino_i2
D:3:      layout_rooms
D:4:      minmay_door_path, layout_loops_ring, amethyst_overflow_temple_binary,
          enter_ossuary_2, minmay_fountain_box, nicolae_tricolors, uniq_duvessa
Ossuary:  ossuary_crypta

Skill      XL: |  1  2  3  4  5 |
---------------+----------------+-----
Fighting       | 1 2 |  2.7
Unarmed Combat | 4 5 |  5.6
Shapeshifting  | 4 |  4.2
Dodging        | |  1.5

Action                     |  1- 3 |  4- 6 || total
---------------------------+-------+-------++-------
  Melee: Unarmed           |   100 |    84 ||   184
         Punch             |     3 |     1 ||     4
    Use: Potion            |       |     4 ||     4
 Armour: Animal skin       |    56 |    60 ||   116
  Dodge: Dodged            |    40 |    30 ||    70

Table legend: (Time is in decaauts)
 A = Elapsed time spent in this place.
 B = Non-inter-level travel time spent in this place.
 C = Inter-level travel time spent in this place.
 D = Time resting spent in this place.
 E = Time spent auto-exploring this place.
 F = Levels seen in this place.
 G = Mean time per level.
                   A        B        C        D        E       F      G
               +--------+--------+--------+--------+--------+-----+--------+
         Total |   2013 |   1971 |     42 |     39 |   1542 |   5 |  402.6 |
       Dungeon |   1915 |   1873 |     42 |     34 |   1498 |   4 |  478.8 |
       Ossuary |     97 |     97 |      0 |      5 |     44 |   1 |   97.0 |
               +--------+--------+--------+--------+--------+-----+--------+

Top non-repeatable levels by time:
     D:2: 735 daAuts
     D:1: 611 daAuts
     D:3: 377 daAuts
     D:4: 192 daAuts
 Ossuary: 97 daAuts
